Map: Nightshade LE

Players

RooWattsBalí - Winner!

  • Race: Protoss Protoss
  • League: Gold
  • Spawn Location: 5:00

antagomiR

  • Race: Protoss Protoss
  • League: Gold
  • Spawn Location: 11:00

VOD

Have the link to the VOD?

Description

Time

  • Played on: April 10, 2020, 8:41 p.m.
  • Length: 9:09
Show
View Real Time Build Order
Export as new Build Order

RooWattsBalí Protoss - Winner!

Build Orders:  

Get SALT Encoding   

  12  0:05  Probe  
  13  0:17  Probe  
  13  0:20  Pylon  
  14  0:29  Probe  
  14  0:30  Assimilator  
  15  0:42  Probe (Chrono Boost)  
  16  0:46  Gateway  
  16  0:54  Probe (Chrono Boost)  
  17  1:01  Assimilator  
  17  1:02  Probe (Chrono Boost)  
  18  1:08  Probe  
  19  1:20  Probe (Chrono Boost)  
  20  1:32  Probe (Chrono Boost)  
  21  1:34  Cybernetics Core  
  21  1:37  Probe (Chrono Boost)  
  21  1:38  Gateway  
  22  1:46  Probe  
  23  2:09  Nexus  
  23  2:16  Pylon  
  23  2:20  Pylon  
  23  2:34  Zealot  
  25  2:39  Twilight Council  
  25  2:45  Pylon  
  25  2:51  Zealot  
  27  3:01  Zealot  
  29  3:09  Forge  
  29  3:18  Zealot  
  31  3:23  Assimilator  
  31  3:33  Probe (Chrono Boost)  
  33  3:35  Probe (Chrono Boost)  
  33  3:37  Sentry  
  35  3:43  Probe (Chrono Boost)  
  35  3:44  Probe (Chrono Boost)  
  37  3:48  Photon Cannon  
  37  3:50  Probe x2 (Chrono Boost)  
  37  3:52  Zealot  
  41  3:59  Probe x2  
  41  4:01  Protoss Shields Level 1  
  43  4:06  Photon Cannon  
  43  4:16  Zealot  
  45  4:17  Charge (Chrono Boost)  
  45  4:36  Dark Shrine  
  45  4:38  Pylon  
  45  4:43  Pylon  
  46  4:45  Probe  
  46  4:46  Probe  
  46  4:47  Zealot  
  46  4:49  Zealot  
  51  4:57  Probe  
  52  5:05  Protoss Air Weapons Level 1 (Chrono Boost)  
  52  5:06  Robotics Facility  
  52  5:18  Stargate  
  52  5:20  Zealot  
  52  5:21  Zealot  
  56  5:27  Assimilator  
  56  5:34  Probe x2  
  58  5:46  Probe, Shadow Stride (Chrono Boost)  
  58  5:48  Zealot x2  
  52  6:04  Phoenix  
  65  6:14  Protoss Shields Level 2  
  65  6:15  Dark Templar x2  
  69  6:32  Phoenix  
  71  6:54  Dark Templar x2  
  71  6:56  Observer  
  76  7:10  Stargate  
  72  7:19  Phoenix  
  64  8:04  Dark Templar  
  66  8:10  Zealot  
  68  8:13  Phoenix  
  68  8:37  Zealot  
  68  8:38  Phoenix  
Show
View Real Time Build Order
Export as new Build Order

antagomiR Protoss 

Build Orders:  

Get SALT Encoding   

  12  0:01  Probe  
  13  0:13  Probe  
  14  0:20  Pylon  
  14  0:25  Probe  
  15  0:40  Gateway  
  16  0:42  Probe  
  16  0:55  Probe, Assimilator  
  17  1:07  Probe  
  18  1:19  Probe  
  18  1:24  Assimilator  
  19  1:31  Probe  
  20  1:35  Cybernetics Core  
  20  1:39  Pylon  
  20  1:51  Probe  
  21  2:03  Probe  
  21  2:07  Warp Gate (Chrono Boost)  
  22  2:12  Robotics Facility  
  22  2:18  Probe  
  22  2:21  Stalker  
  25  2:30  Probe  
  26  2:42  Probe  
  27  2:49  Nexus  
  27  2:51  Stalker  
  29  2:53  Pylon  
  29  2:56  Probe  
  30  3:08  Probe  
  31  3:17  Shield Battery, Observer  
  32  3:20  Probe  
  32  3:21  Stalker  
  35  3:33  Probe  
  37  3:41  Twilight Council, Observer  
  37  3:45  Probe  
  38  3:57  Probe  
  39  4:03  Sentry  
  39  4:06  Probe  
  39  4:09  Probe  
  43  4:16  Pylon  
  44  4:18  Probe  
  44  4:21  Probe  
  44  4:23  Charge  
  46  4:27  Immortal  
  49  4:36  Gateway  
  49  4:37  Probe x2, Gateway  
  51  4:44  Pylon  
  51  4:49  Probe  
  51  4:50  Probe  
  53  5:01  Probe  
  53  5:02  Probe  
  54  5:18  Observer  
  54  5:19  Stalker  
  57  5:36  Probe x2  
  57  5:42  Forge  
  59  5:48  Probe  
  59  5:49  Probe  
  61  5:52  Pylon  
  61  5:57  Sentry  
  61  5:58  Sentry x2  
  67  6:13  Protoss Ground Weapons Level 1  
  67  6:18  Immortal (Chrono Boost)  
  71  6:29  Nexus  
  71  6:32  Pylon  
  71  6:35  Pylon  
  71  6:38  Gateway  
  70  6:40  Gateway x2  
  70  6:44  Gateway  
  70  6:46  Gateway  
  70  6:49  Stalker  
  70  6:50  Pylon, Stalker  
  71  6:54  Immortal  
  75  7:07  Stalker  
  59  7:25  Nexus  
  59  7:28  Pylon  
  53  7:30  Pylon  
  53  7:31  Stalker x2  
  53  7:32  Stalker  
  51  7:47  Stalker x2  
  51  7:51  Zealot x3  
  59  8:02  Stalker x2  
  49  8:21  Stalker x2  
  43  8:33  Zealot  
  43  8:34  Zealot x3  
  30  8:35  Zealot x2  
  12  8:56  Stalker  
Tags
 
League
GoldGold
Matchup
PvP
Replay Pack
20200422
Spawn Locations
Cross Positions
Add a new tag
Caveats
  • Supply blocks, unpowered buildings, or Contaminate may cause inaccurate times.
  • Supply counts are checked every 10 seconds.